 Dungeon Sprint DCSS version 0.21.1-1-g345015f (webtiles) character file.

3200000 Fang the Axe Maniac (level 23, -4/240 HPs)
             Began as a Minotaur Gladiator on May 2, 2018.
             Was the Champion of Makhleb.
             Slain by a meat berserker
             ... wielding a +9 battleaxe
              (57 damage)
             ... in the Dungeon (Sprint VIII: "Arena of Blood").
             The game lasted 00:00:37 (32 turns).

Fang the Axe Maniac (Minotaur Gladiator)              Turns: 32, Time: 00:00:39

Health: -4/240     AC:  6    Str: 26    XL:     23   Next: 35%
Magic:  18/53      EV: 32    Int:  5    God:    Makhleb [******]
Gold:   0          SH:  0    Dex: 15    Spells: 76/76 levels left

rFire    . . .     SeeInvis .   l - +∞ Axe of Woe
rCold    . . .     Gourm    .   (shield currently unavailable)
rNeg     . . .     Faith    .   b - +0 leather armour
rPois    .         Spirit   .   c - +0 hat
rElec    .         Reflect  .   (no cloak)
rCorr    .         Harm     .   (no gloves)
MR       +....     NoTele   +   (no boots)
Stlth    +++++++++.             (no amulet)
HPRegen  0.50/turn              (no ring)
MPRegen  0.33/turn              (no ring)

@: no status effects
A: retaliatory headbutt, horns 2
a: Minor Destruction, Lesser Servant of Makhleb, Major Destruction, Greater
Servant of Makhleb, Renounce Religion


You were in the Dungeon.
You worshipped Makhleb.
Makhleb was exalted by your worship.
You were not hungry.

You visited 1 branch

Inventory:

Hand Weapons
 a - a +0 war axe
 l - the +∞ Axe of Woe (weapon)
   (You found it in the Dungeon)
Missiles
 d - 3 throwing nets (quivered)
Armour
 b - a +0 leather armour (worn)
 c - a +0 hat (worn)
Scrolls
 k - a scroll of blinking
Potions
 e - a potion of curing
 g - a potion of heal wounds
 h - a potion of haste
 i - 2 potions of magic
 j - a potion of berserk rage
Comestibles
 f - a ration


   Skills:
 O Level 27 Fighting
 O Level 27 Axes
 O Level 27 Throwing
 O Level 27 Armour
 O Level 27 Dodging
 O Level 27 Stealth
 O Level 27 Unarmed Combat
 O Level 27 Spellcasting
 O Level 27 Invocations


You had 76 spell levels left.
You didn't know any spells.

Dungeon Overview and Level Annotations

Branches:
Dungeon (1/1)

Altars:
Makhleb

Annotations:
D The Servant


Innate Abilities, Weirdness & Mutations

You reflexively headbutt those who attack you in melee.
You have a pair of horns on your head.


Message History

* * * LOW HITPOINT WARNING * * *
You hear a shout!
You are too injured to fight recklessly!
Unknown command.
You are too injured to fight recklessly!
Unknown command.
You are too injured to fight recklessly!
Unknown command.
You are too injured to fight recklessly!
Press: ? - help, Shift-Dir - straight line, f - bag of meat
Aim: a bag of meat, wielding a +9 war axe and wearing a +30 ring of slaying (flame)
Okay, then.
You are engulfed in blazing flames.
* * * LOW HITPOINT WARNING * * *
You hear a shout! x5
The bag of meat is engulfed in blazing flames.
The bag of meat barely misses you.
The meat berserker is engulfed in blazing flames.
The meat berserker hits you with a +9 battleaxe!!!
You die...

#.....#......
#_.<)_#V......
...#.)...#.%....#.
......._)%.........
......###.).......#
..###...))§§###.....
. #.....§§#o...V.O
#....§§§#Oo.....
......%§§§@Ooo....
.......%%ooOo.#...
.......@O...o#....
......o....##.....
.#%...%...#. .o..#
.%...o...#.% ###
.#..%......
......%....


You could see The Servant, a destroyer, 2 large bags of meat, 3 meat berserkers
and 11 bags of meat.

Vanquished Creatures
  A vampire knight (D)
  7 ogres (D)
  4 two-headed ogres (D)
  24 orcs (D)
36 creatures vanquished.

Notes
Turn   | Place    | Note
-------+----------+-------------------------------------------
     0 | D        | Found the +∞ Axe of Woe
     0 | D        | Fang the Minotaur Gladiator began the quest for the Orb.
     0 | D        | Reached XP level 1. HP: 18/18 MP: 0/0
     3 | D        | Noticed a bag of meat
     4 | D        | Became a worshipper of Makhleb the Destroyer
     5 | D        | Noticed a meat berserker
     5 | D        | Noticed a bag of meat
     6 | D        | Noticed a bag of meat
     7 | D        | Noticed a bag of meat
     7 | D        | Killed a meat berserker
     7 | D        | Reached XP level 2. HP: 45/45 MP: 1/1
     7 | D        | Reached XP level 3. HP: 51/51 MP: 2/2
     7 | D        | Reached XP level 4. HP: 59/59 MP: 3/3
     7 | D        | Reached XP level 5. HP: 66/66 MP: 4/4
     7 | D        | Reached XP level 6. HP: 73/73 MP: 5/5
     7 | D        | Reached XP level 7. HP: 80/80 MP: 6/6
     7 | D        | Reached XP level 8. HP: 88/88 MP: 7/7
     7 | D        | Reached XP level 9. HP: 94/94 MP: 8/8
     7 | D        | Reached XP level 10. HP: 102/102 MP: 9/9
     7 | D        | Reached XP level 11. HP: 108/108 MP: 10/10
     7 | D        | Reached XP level 12. HP: 116/116 MP: 11/11
     7 | D        | Reached XP level 13. HP: 123/123 MP: 12/12
     8 | D        | Noticed a bag of meat
     8 | D        | Noticed a meat berserker
     8 | D        | Noticed a bag of meat
     9 | D        | Noticed a bag of meat
     9 | D        | Killed a bag of meat
     9 | D        | Reached * piety under Makhleb
     9 | D        | Reached skill level 15 in Fighting
    10 | D        | Noticed a bag of meat
    10 | D        | Killed a bag of meat
    10 | D        | Reached XP level 14. HP: 111/137 MP: 13/13
    11 | D        | Noticed a bag of meat
    11 | D        | Killed a bag of meat
    11 | D        | Reached skill level 27 in Axes
    12 | D        | Killed a bag of meat
    12 | D        | Reached ** piety under Makhleb
    12 | D        | Reached skill level 27 in Dodging
    12 | D        | Reached XP level 15. HP: 126/155 MP: 14/14
    13 | D        | Noticed a meat berserker
    13 | D        | Killed a meat berserker
    13 | D        | Reached skill level 27 in Fighting
    13 | D        | Reached XP level 16. HP: 183/183 MP: 15/15
    16 | D        | Reached *** piety under Makhleb
    16 | D        | Reached skill level 5 in Armour
    16 | D        | Killed a meat berserker
    16 | D        | Reached skill level 27 in Throwing
    16 | D        | Reached XP level 17. HP: 191/191 MP: 16/16
    18 | D        | Noticed a meat berserker
    18 | D        | Reached **** piety under Makhleb
    19 | D        | Noticed a meat berserker
    19 | D        | Noticed a meat berserker
    19 | D        | Noticed a meat berserker
    20 | D        | Noticed a large bag of meat
    21 | D        | Reached skill level 27 in Armour
    21 | D        | Reached skill level 10 in Unarmed Combat
    21 | D        | Reached skill level 10 in Invocations
    21 | D        | Reached XP level 18. HP: 200/200 MP: 16/27
    22 | D        | Killed a meat berserker
    22 | D        | Reached skill level 15 in Unarmed Combat
    22 | D        | Reached skill level 10 in Spellcasting
    22 | D        | Killed a meat berserker
    22 | D        | Reached ***** piety under Makhleb
    22 | D        | Reached skill level 15 in Stealth
    22 | D        | Reached XP level 19. HP: 207/207 MP: 16/34
    23 | D        | Noticed a destroyer
    23 | D        | Killed a meat berserker
    23 | D        | Reached skill level 15 in Spellcasting
    23 | D        | Noticed a large bag of meat
    24 | D        | Noticed a large bag of meat
    24 | D        | Noticed a large bag of meat
    24 | D        | Killed a meat berserker
    25 | D        | Reached XP level 20. HP: 216/216 MP: 16/40
    26 | D        | Noticed a large bag of meat
    26 | D        | Killed a large bag of meat
    26 | D        | Reached skill level 27 in Unarmed Combat
    27 | D        | Noticed a large bag of meat
    27 | D        | Reached ****** piety under Makhleb
    27 | D        | Reached XP level 21. HP: 210/224 MP: 17/44
    27 | D        | Reached skill level 27 in Invocations
    28 | D        | Killed a large bag of meat
    28 | D        | Reached skill level 27 in Stealth
    28 | D        | Killed a large bag of meat
    28 | D        | Reached skill level 27 in Spellcasting
    28 | D        | Reached XP level 22. HP: 233/233 MP: 17/52
    29 | D        | Killed a destroyer
    29 | D        | Killed a large bag of meat
    30 | D        | Noticed a destroyer
    30 | D        | Noticed a destroyer
    31 | D        | Noticed The Servant
    31 | D        | Reached XP level 23. HP: 240/240 MP: 18/53
    32 | D        | Slain by a meat berserker

Skill      XL: |  1  2  3  4  5  6  7  8  9 10 11 12 13 14 15 16 17 18 19 20 21 |
---------------+----------------------------------------------------------------+-----
Fighting       | 13 16 20 27 | 27.0
Axes           | 23 26 27 | 27.0
Throwing       | 11 13 16 21 27 | 27.0
Dodging        | 21 24 27 | 27.0
Armour         | 22 27 | 27.0
Stealth        | 9 15 21 25 27 | 27.0
Unarmed Combat | 10 18 24 27 | 27.0
Spellcasting   | 7 12 17 20 27 | 27.0
Invocations    | 10 16 22 26 27 | 27.0

Action                   |  1- 3 |  4- 6 |  7- 9 | 10-12 | 13-15 | 16-18 | 19-21 | 22-24 || total
-------------------------+-------+-------+-------+-------+-------+-------+-------+-------++-------
Melee: Executioner's axe |     1 |       |       |       |     5 |     4 |     6 |     2 ||    18
Dodge: Dodged            |       |       |       |       |       |     2 |     1 |     1 ||     4
